 Dungeon Crawl Stone Soup version 0.27-a0-1202-ge72e49191c (webtiles) character file.

Game seed: 5757996550590358933

578571 tsouns the Wrestler (level 26, -5/244 HPs)
             Began as a Troll Gladiator on May 31, 2021.
             Was a High Priest of Ashenzari.
             Killed from afar by an acid blob (12 damage)
             ... with a splash of acid
             ... on level 5 of the Pits of Slime on June 3, 2021.
             The game lasted 02:12:08 (46655 turns).

tsouns the Wrestler (Troll Gladiator)              Turns: 46655, Time: 02:12:08

Health: -5/244     AC: 10    Str: 39    XL:     26   Next: 33%
Magic:  0/32       EV: 15    Int:  8    God:    Ashenzari [*****.]
Gold:   5505       SH: 26    Dex: 11    Spells: 30/35 levels left

rFire    + . .     SeeInvis +     - Unarmed
rCold    + + .     Faith    .   N - +3 kite shield of the Fated Omission {AC+3, Fort, Self} (curse)
rNeg     . . .     Spirit   +   O - +10 storm dragon scales
rPois    .         Reflect  .   b - +1 hat "Chained Augurer" {Range, Self} (curse)
rElec    +         Harm     .   C - +2 cloak "Profound Prison" {Will+, Fort, Self} (curse)
rCorr    .         Rampage  .   (gloves unavailable)
Will     +++..     Clarity  +   (boots unavailable)
Stlth    ..........             Z - brooch of Shielding {Spirit SH+8, Cun, Self} (curse)
HPRegen  1.50/turn              m - ring "Lashed Malaise" {Will+, Melee, Self} (curse)
MPRegen  0.23/turn              X - ring "Behold Eternity" {rF+ rC++ Str+6, Melee, Cun} (curse)

@: corroded, hasted, studying 3 skills, very quick
A: large, unfitting armour, claws 3, regeneration 1, shaggy fur 1, tough skin 1,
frail 2, high mp 1, sturdy frame 1
}: 2/15 runes: decaying, gossamer
a: Renounce Religion, Curse Item, Shatter the Chains


You were on level 5 of the Pits of Slime.
You worshipped Ashenzari.
Ashenzari was extremely pleased with you.
You visited 10 branches of the dungeon, and saw 52 of its levels.
You also visited: Ossuary and Volcano.

You collected 7575 gold pieces.
You spent 2070 gold pieces at shops.

Inventory:

Missiles
 c - 12 throwing nets
 d - 42 large rocks (quivered)
 u - 16 silver javelins
 F - 30 curare-tipped darts
Armour
 b - the cursed +1 hat "Chained Augurer" (worn) {Range, Self}

   It has a curse which improves the following skills: Ranged Combat: Slings,
   Bows, Crossbows and Throwing.
   Introspection: Fighting and Spellcasting.
 C - the cursed +2 cloak "Profound Prison" (worn) {Will+, Fort, Self}
   (You took it off Crazy Yiuf on level 6 of the Dungeon)

   It has a curse which improves the following skills: Fortitude: Armour and
   Shields.
   Introspection: Fighting and Spellcasting.
 N - the cursed +3 kite shield of the Fated Omission (worn) {AC+3, Fort, Self}
   (You acquired it on level 10 of the Dungeon)

   It has a curse which improves the following skills: Fortitude: Armour and
   Shields.
   Introspection: Fighting and Spellcasting.
 O - +10 storm dragon scales (worn)
Jewellery
 a - a ring of protection from fire
 m - the cursed ring "Lashed Malaise" (left claw) {Will+, Melee, Self}
   (You found it on level 3 of the Dungeon)

   [ring of willpower]

   It increases your willpower.
   It has a curse which improves the following skills: Melee Combat: Short
   Blades, Long Blades, Axes, Maces & Flails, Polearms, Staves and Unarmed
   Combat.
   Introspection: Fighting and Spellcasting.
 p - an amulet of the acrobat
 D - the ring of Roikabb {Will+ rCorr}
   (You took it off a deep elf knight on level 1 of the Elven Halls)

   [ring of resist corrosion]

   It protects you from acid and corrosion.
   It increases your willpower.
 X - the cursed ring "Behold Eternity" (right claw) {rF+ rC++ Str+6, Melee, Cun}
   (You bought it in a shop on level 2 of the Orcish Mines)

   [ring of protection from fire]

   It affects your strength (+6).
   It protects you from fire.
   It greatly protects you from cold.
   It has a curse which improves the following skills: Melee Combat: Short
   Blades, Long Blades, Axes, Maces & Flails, Polearms, Staves and Unarmed
   Combat.
   Cunning:   Dodging and Stealth.
 Z - the cursed brooch of Shielding (around neck) {Spirit SH+8, Cun, Self}
   (You bought it in a shop on level 2 of the Orcish Mines)

   [amulet of guardian spirit]

   It causes incoming damage to be divided between your reserves of health and
   magic.
   It affects your SH (+8).
   It has a curse which improves the following skills: Cunning: Dodging and
   Stealth.
   Introspection: Fighting and Spellcasting.
Wands
 g - a wand of acid (29)
 o - a wand of flame (119)
 t - a wand of mindburst (17)
 y - a wand of paralysis (52)
 A - a wand of iceblast (47)
 M - a wand of polymorph (46)
 P - a wand of digging (9)
 Y - a wand of charming (17)
Scrolls
 f - 7 scrolls of fog
 j - 5 scrolls of magic mapping
 k - 11 scrolls of immolation
 n - 21 scrolls of amnesia
 E - 23 scrolls of teleportation
 G - 2 scrolls of enchant armour
 H - 4 scrolls of summoning
 J - 5 scrolls of fear
 L - a scroll of silence
 S - a scroll of blinking
Potions
 e - 5 potions of resistance
 h - 12 potions of curing
 i - 3 potions of magic
 l - 8 potions of ambrosia
 r - 2 potions of invisibility
 v - 5 potions of flight
 w - 6 potions of haste
 x - 5 potions of cancellation
 z - 6 potions of brilliance
 I - 8 potions of heal wounds
 R - 5 potions of mutation
 V - 3 potions of might
 W - 4 potions of berserk rage
Miscellaneous
 q - a phantom mirror
 s - a piece from Xom's chessboard (15/15)
 B - a box of beasts
 Q - a lightning rod (4/4)
 T - a condenser vane (inert)
 U - a tin of tremorstones (1/2)


   Skills:
 + Level 19.1(25.2) Fighting
 + Level 13.8(16.1) Throwing
 + Level 14.6(18.1) Armour
 + Level 16.1(19.5) Dodging
 - Level 0.7(2.6) Stealth
 + Level 11.0(14.7) Shields
 - Level 21.6(24.5) Unarmed Combat
 - Level 1.1(5.1) Spellcasting
 + Level 13.0 Evocations


You had 30 spell levels left.
You knew the following spells:

 Your Spells              Type           Power      Damage    Failure   Level
a - Confusing Touch       Hex            2%         N/A       82%         3
b - Passwall              Tmut/Erth      1%         N/A       58%         2

Your spell library contained the following spells:

 Spells                   Type           Power      Damage    Failure   Level
 Animate Skeleton         Necr           4%         N/A       43%         1
 Apportation              Tloc           4%         N/A       43%         1
 Corona                   Hex            2%         N/A       43%         1
 Freeze                   Ice            8%         1d3       43%         1
 Magic Dart               Conj           8%         1d3       43%         1
 Pain                     Necr           8%         1d4       43%         1
 Shock                    Conj/Air       8%         1d3       43%         1
 Sting                    Tmut/Pois      8%         1d3       43%         1
 Summon Small Mammal      Summ           8%         N/A       43%         1
 Blink                    Tloc           N/A        N/A       58%         2
 Call Imp                 Summ           2%         N/A       58%         2
 Corpse Rot               Necr/Air       N/A        N/A       58%         2
 Ensorcelled Hibernation  Hex/Ice        4%         N/A       58%         2
 Poisonous Vapours        Pois/Air       4%         N/A       58%         2
 Searing Ray              Conj           4%         3d3       58%         2
 Slow                     Hex            2%         N/A       58%         2
 Static Discharge         Conj/Air       2%         N/A       58%         2
 Sublimation of Blood     Necr           1%         N/A       58%         2
 Call Canine Familiar     Summ           2%         N/A       82%         3
 Conjure Flame            Conj/Fire      2%         6-21      82%         3
 Dazzling Flash           Conj/Hex       4%         N/A       82%         3
 Frozen Ramparts          Ice            4%         1d2       82%         3
 Gell's Gravitas          Tloc           1%         N/A       82%         3
 Ignite Poison            Fire/Tmut/Pois 2%         N/A       82%         3
 Inner Flame              Hex/Fire       2%         N/A       82%         3
 Lesser Beckoning         Tloc           1%         N/A       82%         3
 Mephitic Cloud           Conj/Pois/Air  2%         N/A       82%         3
 Ozocubu's Armour         Ice            2%         N/A       82%         3
 Stone Arrow              Conj/Erth      4%         3d7       82%         3
 Summon Guardian Golem    Hex/Summ       2%         N/A       82%         3
 Swiftness                Air            2%         N/A       82%         3
 Teleport Other           Tloc           2%         N/A       82%         3
 Tukima's Dance           Hex            2%         N/A       82%         3
 Vampiric Draining        Necr           1%         2d6       82%         3
 Airstrike                Air            1%         N/A       99%         4
 Animate Armour           Summ/Erth      4%         N/A       99%         4
 Animate Dead             Necr           1%         N/A       99%         4
 Dispel Undead            Necr           2%         3d7       99%         4
 Fulminant Prism          Conj/Hex       1%         3d6       99%         4
 Hailstorm                Conj/Ice       2%         3d3       99%         4
 Ice Form                 Ice/Tmut       2%         N/A       99%         4
 Iskenderun's Mystic Bla  Conj/Tloc      2%         2d3       99%         4
 Leda's Liquefaction      Hex/Erth       1%         N/A       99%         4
 Olgreb's Toxic Radiance  Pois           2%         N/A       99%         4
 Passage of Golubria      Tloc           N/A        N/A       99%         4
 Petrify                  Tmut/Erth      2%         N/A       99%         4
 Summon Ice Beast         Ice/Summ       2%         N/A       99%         4
 Summon Lightning Spire   Summ/Air       2%         N/A       99%         4
 Agony                    Necr           2%         N/A       100%        5
 Alistair's Intoxication  Tmut/Pois      1%         N/A       100%        5
 Bolt of Magma            Conj/Fire/Erth 1%         4d4       100%        5
 Borgnjor's Vile Clutch   Necr/Erth      1%         N/A       100%        5
 Excruciating Wounds      Necr           1%         N/A       100%        5
 Hydra Form               Tmut           1%         N/A       100%        5
 Irradiate                Conj/Tmut      1%         3d13      100%        5
 Iskenderun's Battlesphe  Conj           2%         2d6       100%        5
 Lightning Bolt           Conj/Air       1%         1d12      100%        5
 Metabolic Englaciation   Hex/Ice        1%         N/A       100%        5
 Summon Forest            Summ/Tloc      1%         N/A       100%        5
 Summon Mana Viper        Hex/Summ       2%         N/A       100%        5
 Yara's Violent Unravell  Hex/Tmut       1%         3d3       100%        5
 Death Channel            Necr           1%         N/A       100%        6
 Eringya's Noxious Bog    Tmut/Pois      1%         N/A       100%        6
 Freezing Cloud           Conj/Ice/Air   1%         6-21      100%        6
 Invisibility             Hex            2%         N/A       100%        6
 Iron Shot                Conj/Erth      1%         9d1       100%        6
 Shadow Creatures         Summ           N/A        N/A       100%        6
 Simulacrum               Ice/Necr       1%         N/A       100%        6
 Statue Form              Tmut/Erth      1%         N/A       100%        6
 Orb of Destruction       Conj           1%         N/A       100%        7
 Ozocubu's Refrigeration  Ice            1%         4d5       100%        7
 Spellforged Servitor     Conj/Summ      1%         N/A       100%        7
 Summon Hydra             Summ           1%         N/A       100%        7
 Borgnjor's Revivificati  Necr           1%         N/A       100%        8
 Infestation              Necr           1%         N/A       100%        8
 Necromutation            Tmut/Necr      1%         N/A       100%        8
 Death's Door             Necr           1%         N/A       100%        9
 Shatter                  Erth           1%         3d5*      100%        9


Dungeon Overview and Level Annotations

Branches:
Dungeon (15/15)            Temple (0/1) D:7            Lair (6/6) D:9
  Swamp (4/4) Lair:3       Spider (4/4) Lair:4        Slime (5/5) Lair:6
    Orc (2/2) D:12            Elf (3/3) Orc:2        Vaults (5/5) D:13
  Crypt (3/3) Vaults:3       Tomb (0/3) Crypt:3      Depths (5/5) D:15
    Zot (0/5) Depths:5    Ossuary (visited)         Volcano (visited)

Altars:
Ashenzari
Dithmenos
Elyvilon
Fedhas
Gozag
Hepliaklqana
Kikubaaqudgha
Makhleb
Nemelex Xobeh
Okawaru
Sif Muna
Trog
Uskayaw
Yredelemnul
Zin
The Shining One
Beogh
Jiyva

Shops:
Orc:2 [=([*   Elf:2 ?   Elf:3 :   Vaults:2 (   Vaults:4 (   Depths:1 (

Portals:
Hell: Depths:1 Depths:2 Depths:3 Depths:4 Depths:5
Abyss: Depths:2 Depths:4
Pandemonium: Depths:3 Depths:4 Depths:5
Ziggurat: Depths:3
Trove: Elf:3 (give +4 ice dragon scales)

Annotations:
D:7 2 transporters, bmj180's ghost, novice MiFi
D:11 3 runed translucent doors, qborf's ghost, journeyman DgCj


Innate Abilities, Weirdness & Mutations

You are too large for most types of armour.
You have claws for hands.
Your natural rate of healing is unusually fast.
You are covered in fur. (AC +1)
You have tough skin. (AC +1)
You are very frail. (-20% HP)
You have an increased reservoir of magic. (+10% MP)
Your movements are slightly less encumbered by armour. (ER -2)


Message History

The burst of rock shards engulfs the acid blob!!
The burst of rock shards engulfs the Royal Jelly!
You kill the Royal Jelly!
The stone walls suddenly crumble and collapse.
With an infernal noise, the power ruling this place vanishes!
The burst of rock shards engulfs the azure jelly!!
The burst of rock shards engulfs the quicksilver ooze!
The burst of rock shards engulfs the acid blob!!
You kill the acid blob!
The burst of rock shards engulfs the rockslime!!
The burst of rock shards engulfs the slime creature!
The burst of rock shards engulfs the acid blob!!
The burst of rock shards engulfs the slime creature!
The burst of rock shards engulfs the azure jelly.
The burst of rock shards engulfs the quicksilver ooze!
You kill the quicksilver ooze!
That felt strangely unrewarding.
The burst of rock shards engulfs the slime creature!!
You kill the slime creature!
The burst of rock shards engulfs the rockslime but does no damage.
The burst of rock shards engulfs the acid blob!
The burst of rock shards engulfs the azure jelly.
The burst of rock shards engulfs you.
* * * LOW HITPOINT WARNING * * *
You block the rockslime's attack.
The acid blob is engulfed in freezing vapours.
The rockslime hits you!!!
* * * LOW HITPOINT WARNING * * *
You hold your ground!
The acid blob spits acid at you. You block the splash of acid.
Your base Shields skill increases to level 11!
Unknown command.
Blink to where?
Press: ? - help, Dir - move target
As you read the scroll of blinking, it crumbles to dust.
The acid blob quivers.
The acid blob spits acid at you. The splash of acid hits you!
You die...

**,,##*##..................,,,,,
*,,,...#...................,,,,,
**,,.......<...............,,,,,
**,......................#**,,*
**.....................#****,*
*,....................#*,**,,*
*,..................###∆,,*.#*
***,.................###∆∆∆##..*
*,,,...........@.....##?∆∆)$J..*
***,,.................##$["!....*
*,,,,.................###)$.:...*
**,,,................#####......*
**,,,,,,,.............JJ#.J.....,
*,*,,,,,,..........J..#JJ.J.J...,
***,,,,,,............#####......*
*,,,,,,.............###($.}...*
*,,,,,,,...........###!$})....*


You could see 2 acid blobs and a rockslime.

Vanquished Creatures
  the Royal Jelly (Slime:5)
  Xtahua (Depths:5)
  A caustic shrike (Depths:4)
  Jory (Depths:3)
  Arachne (Spider:3)
  the Enchantress (Depths:5)
  3 bone dragons
  5 tentacled monstrosities
  A titan (Depths:3)
  5 liches
  2 deep elf blademasters
  4 deep elf master archers (Elf:3)
  A quicksilver dragon (Depths:5)
  7 acid blobs
  The ghost of Biycvit the Frost Mage, an adept HuIE of Dithmenos (Swamp:1)
  2 sphinxes (Crypt:3)
  The ghost of Mesmaeker13 the Tortoise, an adept DDHu of Makhleb (Spider:4)
  13 ancient champions
  The ghost of Ytaumoul the Human Blade, an adept HuFi of the Shining One (Swamp:4)
  Roxanne (Swamp:4)
  3 storm dragons
  5 rockslimes
  Agnes (Elf:2)
  4 revenants
  A fenstrider witch (Swamp:1)
  A shadow dragon (Depths:4)
  5 thorn hunters
  The ghost of Ota Laej the Impaler, an adept DsWn of Gozag (Elf:1)
  An azure jelly (Slime:1)
  6 fire giants
  15 vault wardens
  An iron dragon (Depths:1)
  11 frost giants
  A draconian shifter (Depths:5)
  A draconian knight (Depths:5)
  2 balrugs
  Aizul (Vaults:1)
  11 emperor scorpions
  5 deep elf sorcerers
  6 ghost moths
  2 deep elf elementalists
  16 ghouls
  4 orc warlords
  2 curse skulls
  22 ironbound preservers
  3 quicksilver oozes
  2 war gargoyles (Vaults:4)
  4 spriggan defenders
  18 very ugly things
  2 green draconians (Depths:5)
  10 stone giants
  10 vampire knights
  5 deep elf demonologists
  The ghost of Paluwo the Brawler, a journeyman TrMo of Nemelex Xobeh (Lair:3)
  A bunyip (Swamp:4)
  A yellow draconian (Depths:5)
  4 deep elf annihilators
  9 dire elephants
  3 entropy weavers
  A purple draconian (Depths:5)
  3 spark wasps
  A spark wasp (shapeshifter) (Depths:2)
  Josephine (D:15)
  5 eidola
  A merfolk javelineer (Depths:1)
  7 eleionomae
  16 deep elf death magi
  10 crystal guardians
  3 mummy priests (Crypt:3)
  3 blizzard demons
  10 ettins
  9 jiangshi
  11 fire dragons
  4 deep elf high priests
  3 shambling mangroves
  3 spectral fenstrider witches (Swamp:1)
  12 yaktaur captains
  13 great orbs of eyes
  3 rakshasas
  5 boulder beetles
  7 ice dragons
  A salamander tyrant (Depths:5)
  4 spriggan air magi
  8 ironbound thunderhulks
  13 vault guards
  21 hydras
  Harold (D:10)
  A monstrous demonspawn (Depths:4)
  2 hell beasts (Depths:1)
  4 death knights
  14 ironbound frosthearts
  4 peacekeepers
  8 death yaks
  5 two-headed ogres
  17 centaur warriors
  27 dancing weapons
  An ogre mage (D:15)
  8 death scarabs (Spider:4)
  16 alligators
  An alligator (shapeshifter) (Depths:5)
  8 deep troll earth magi
  4 catoblepae
  5 hell hogs (Depths:3)
  11 deep troll shamans
  5 tengu warriors
  5 vampire magi
  6 ironbound beastmasters
  Urug (D:10)
  2 orc high priests
  3 hell knights
  3 soul eaters
  10 sun demons
  3 shadow wraiths
  22 deep elf knights
  A spectral emperor scorpion (Spider:4)
  5 spriggan berserkers (Depths:5)
  A salamander mystic (Depths:5)
  17 skeletal warriors
  6 spriggan druids
  A goliath frog (Swamp:1)
  7 iron trolls
  A ghost moth zombie (Crypt:1)
  86 deep trolls
  8 flayed ghosts
  A golden dragon zombie (Crypt:2)
  2 storm dragon skeletons
  A death drake (Swamp:1)
  2 spectral hydras
  14 orc knights
  17 deep elf archers
  4 glowing orange brains
  9 wizards
  6 bog bodies
  13 spectral wolf spiders
  4 lindwurms
  11 phantasmal warriors
  43 deep elf zephyrmancers
  A fenstrider witch simulacrum (Swamp:1)
  15 swamp dragons
  9 ironbound convokers
  37 deep elf pyromancers
  4 necromancers
  5 wolf spider zombies
  3 orc sorcerers
  A mana viper (shapeshifter) (D:15)
  48 ugly things
  5 harpies (Vaults:2)
  3 oklob plants (Swamp:4)
  14 orb spiders
  4 moths of wrath
  38 wolf spiders
  4 manticores
  A stone giant zombie (Crypt:3)
  6 salamanders
  3 shining eyes
  14 elephants
  2 spectral spriggans (Swamp:1)
  A cyclops (Orc:2)
  2 will-o-the-wisps
  A dire elephant zombie (Crypt:3)
  5 black mambas
  A rust devil (Depths:4)
  A fire giant skeleton (Crypt:1)
  A shock serpent zombie (Crypt:2)
  4 smoke demons (Depths:3)
  Joseph (D:9)
  A black mamba (shapeshifter) (D:14)
  A torpor snail (shapeshifter) (Depths:5)
  18 vault sentinels
  2 gargoyles
  An eye of devastation (Slime:1)
  An unseen horror (shapeshifter) (D:10)
  An orange demon (Depths:4)
  13 cane toads
  A shock serpent skeleton (Crypt:1)
  Maggie (D:7)
  A molten gargoyle (Depths:3)
  2 rime drakes (Lair:6)
  A freezing wraith (Swamp:4)
  A dire elephant skeleton (Crypt:1)
  A komodo dragon (shapeshifter) (D:15)
  5 spectral redbacks (Spider:4)
  31 yaktaurs
  A rime drake (shapeshifter) (D:12)
  7 komodo dragons
  3 tengu conjurers
  2 redback zombies (Spider:4)
  4 ice devils (Depths:1)
  A green draconian skeleton (Crypt:3)
  A hellwing (Depths:4)
  10 demonic crawlers
  A white draconian skeleton (Crypt:2)
  11 guardian mummies (Crypt:3)
  A red draconian skeleton (Crypt:1)
  38 jumping spiders
  A death drake zombie (Swamp:4)
  6 meliai
  4 red devils (Volcano)
  2 polar bears
  A spectral death drake (Swamp:1)
  8 trolls
  A bloated husk (Swamp:4)
  16 hornets
  A hydra skeleton (Swamp:4)
  3 spectral jumping spiders (Spider:4)
  11 tyrant leeches
  3 hydra zombies
  21 blink frogs
  2 spectral tarantellas (Spider:4)
  75 slime creatures
  A death drake skeleton (Swamp:4)
  A raiju (Spider:2)
  2 tarantella zombies (Spider:4)
  9 dream sheep (Lair:6)
  A jumping spider zombie (Spider:4)
  2 air elementals
  10 spriggans
  A black mamba zombie (Crypt:3)
  11 wraiths
  An alligator skeleton (Crypt:1)
  A fire dragon skeleton (Crypt:3)
  3 shadows
  36 tarantellas
  An ettin skeleton (Crypt:1)
  34 yaks
  66 redbacks
  A fire elemental (Elf:3)
  An ushabti (Crypt:3)
  7 water elementals
  Eustachio (D:6)
  3 wyverns
  A human (shapeshifter) (D:13)
  3 fire bats (Lair:6)
  6 basilisks
  3 steam dragons (Lair:6)
  Menkaure (D:5)
  9 vampire mosquitoes
  14 wargs
  A deep troll zombie (Crypt:2)
  A death drake simulacrum (Swamp:1)
  A swamp worm (shapeshifter) (D:9)
  Edmund (D:6)
  21 swamp worms
  A hydra simulacrum (Swamp:4)
  6 acid dragons
  A floating eye (Depths:4)
  16 water moccasins
  3 spectral hornets (Spider:4)
  A faun skeleton (Crypt:1)
  35 orc warriors
  4 swamp drakes
  3 ice beasts
  4 black bears
  2 spriggan simulacra (Swamp:1)
  3 swamp dragon zombies
  5 ogres
  A wolf (shapeshifter) (Depths:4)
  3 ettin simulacra (Depths:3)
  12 necrophages
  A boggart (D:13)
  A tengu (shapeshifter) (D:14)
  15 wolves
  8 centaurs
  2 swamp dragon skeletons (Swamp:4)
  A hog zombie (Crypt:2)
  A phantom (D:5)
  A hog skeleton (Crypt:3)
  5 kobold brigands
  A draconian zombie (Crypt:1)
  12 bullfrogs
  2 gnoll sergeants
  3 scorpions
  4 earth elementals
  2 elf skeletons
  A troll zombie (Crypt:2)
  A swamp dragon simulacrum (Crypt:3)
  A wight (D:7)
  11 killer bees
  4 howler monkeys
  5 electric eels
  6 centaur zombies
  A crimson imp (Depths:1)
  19 orc priests
  2 centaur skeletons
  2 hounds
  2 jellies
  Crazy Yiuf (D:6)
  Jessica (D:3)
  8 iguanas
  27 orc wizards
  2 hell rats (Lair:4)
  A naga zombie (Crypt:3)
  An ogre skeleton (Crypt:1)
  A hound zombie (D:5)
  9 mummies
  3 howler monkey zombies
  3 gnolls (D:5)
  5 adders
  An adder (shapeshifter) (Depths:4)
  2 howler monkey skeletons
  9 river rats (Lair:4)
  2 shadow imps
  4 white imps
  An ufetubus (D:4)
  A halfling zombie (Crypt:1)
  A worm (D:2)
  2 dart slugs
  100 orcs
  5 ball pythons
  6 bats
  7 endoplasms
  5 giant cockroaches
  7 goblins
  8 hobgoblins
  6 jackals
  11 kobolds
  5 quokkas
  2 frilled lizards
  A gnoll zombie (Ossuary)
  7 hobgoblin zombies
  3 kobold zombies
  An orc skeleton (Crypt:3)
  An orc zombie (Ossuary)
  5 rats
  A river rat skeleton (Crypt:1)
2175 creatures vanquished.

Vanquished Creatures (collateral kills)
  3 spectral hydras (Swamp:4)
  A swamp dragon (Swamp:4)
  A death drake zombie (Swamp:4)
  A hydra zombie (Swamp:4)
6 creatures vanquished.

Vanquished Creatures (others)
  A deep elf elementalist (Elf:3)
  An ogre mage (D:13)
  A wizard (D:15)
  A deep elf pyromancer (Elf:1)
  A bloated husk (Swamp:4)
  A necrophage (Swamp:4)
  An orc priest (Orc:2)
  An iguana (Lair:6)
  An orc (Elf:1)
  A dart slug zombie (Crypt:3)
  12 foxfires (Swamp:2)
  6 fungi
  73 plants
  A withered plant (D:6)
102 creatures vanquished.

Grand Total: 2283 creatures vanquished

Notes
Turn   | Place    | Note
-------+----------+-------------------------------------------
     0 | D:1      | tsouns the Troll Gladiator began the quest for the Orb.
     0 | D:1      | Reached XP level 1. HP: 19/19 MP: 0/0
   114 | D:1      | Reached XP level 2. HP: 28/28 MP: 1/1
   376 | D:1      | Reached XP level 3. HP: 30/35 MP: 2/2
   772 | D:2      | Reached skill level 4 in Unarmed Combat
   772 | D:2      | Reached XP level 4. HP: 36/44 MP: 3/3
   779 | D:2      | Learned a level 3 spell: Confusing Touch
  1554 | D:3      | Found a faded altar of an unknown god.
  1561 | D:3      | Became a worshipper of Ashenzari the Shackled
  1600 | D:3      | Noticed Jessica
  1603 | D:3      | Killed Jessica
  1604 | D:3      | Reached XP level 5. HP: 54/54 MP: 4/4
  2366 | D:4      | Identified the +7 falchion of the Spheres {vorpal, rN+
                  | Will+ Dex+4}
  2371 | D:4      | Found a sand-covered staircase.
  2378 | Ossuary  | Entered an ossuary
  2465 | Ossuary  | Reached skill level 1 in Spellcasting
  2472 | Ossuary  | Reached skill level 5 in Unarmed Combat
  2476 | Ossuary  | Reached XP level 6. HP: 62/62 MP: 6/6
  2976 | D:5      | Entered Level 5 of the Dungeon
  2981 | D:5      | Noticed an orc warrior
  3001 | D:5      | HP: 1/63 [iguana (9)]
  3010 | D:5      | Noticed Menkaure
  3129 | D:5      | Reached skill level 6 in Unarmed Combat
  3129 | D:5      | Reached XP level 7. HP: 70/71 MP: 7/7
  3196 | D:5      | Killed Menkaure
  3277 | D:5      | Reached skill level 7 in Unarmed Combat
  3295 | D:5      | Found an opulent altar of Gozag.
  3454 | D:5      | Reached skill level 5 in Fighting
  3454 | D:5      | Reached XP level 8. HP: 50/81 MP: 8/8
  3715 | D:6      | Reached skill level 8 in Unarmed Combat
  3715 | D:6      | Noticed Edmund
  3724 | D:6      | Killed Edmund
  3850 | D:6      | Found an ancient bone altar of Kikubaaqudgha.
  3935 | D:6      | Found a burning altar of Makhleb.
  3938 | D:6      | Found a hide-covered altar of Uskayaw.
  3946 | D:6      | Reached skill level 9 in Unarmed Combat
  3965 | D:6      | Found a hazy altar of Hepliaklqana.
  4073 | D:6      | Noticed Eustachio
  4084 | D:6      | Killed Eustachio
  4393 | D:6      | Found a runed translucent door.
  4394 | D:6      | Noticed Crazy Yiuf
  4401 | D:6      | Killed Crazy Yiuf
  4603 | D:7      | Reached XP level 9. HP: 60/92 MP: 9/9
  4639 | D:7      | Noticed a manticore
  4747 | D:7      | Noticed Maggie
  4760 | D:7      | Killed Maggie
  4761 | D:7      | Reached skill level 10 in Unarmed Combat
  4816 | D:7      | Noticed bmj180's ghost (novice MiFi)
  4968 | D:7      | Reached skill level 11 in Unarmed Combat
  4981 | D:7      | Noticed a troll
  4989 | D:7      | Killed a troll
  5210 | D:7      | Found a transporter.
  5222 | D:7      | Found a staircase to the Ecumenical Temple.
  5225 | D:7      | Found a transporter.
  5244 | D:7      | Noticed a manticore
  5298 | D:8      | Found a bloodstained altar of Trog.
  5335 | D:8      | Reached * piety under Ashenzari
  5512 | D:8      | Reached XP level 10. HP: 98/107 MP: 12/12
  5604 | D:8      | Noticed a brown ugly thing
  5604 | D:8      | Noticed a death knight
  5605 | D:8      | Identified the Guide on Venomous Stones
  5605 | D:8      | Noticed a centaur warrior
  5606 | D:8      | Noticed a manticore
  5607 | D:8      | Noticed a gargoyle
  5608 | D:8      | Identified Juvell's Guide on Displaced Lightness
  5614 | D:8      | Reached skill level 1 in Armour
  5625 | D:8      | Killed a death knight
  5626 | D:8      | Reached skill level 12 in Unarmed Combat
  5627 | D:8      | Killed a manticore
  5659 | D:8      | Killed a red ugly thing
  5691 | D:8      | Killed a gargoyle
  5745 | D:8      | Noticed a manticore
  5751 | D:8      | Killed a manticore
  5859 | D:8      | Learned a level 2 spell: Passwall
  6082 | D:8      | Found an iron altar of Okawaru.
  6496 | D:9      | Found a sparkling altar of Nemelex Xobeh.
  6670 | D:9      | Reached skill level 13 in Unarmed Combat
  6672 | D:9      | Noticed Joseph
  6690 | D:9      | Killed Joseph
  6691 | D:9      | Reached XP level 11. HP: 94/117 MP: 13/13
  6769 | D:9      | Found a faded altar of an unknown god.
  6769 | D:9      | Found a white marble altar of Elyvilon.
  6794 | D:9      | Found a basalt altar of Yredelemnul.
  6796 | D:9      | Found a shadowy altar of Dithmenos.
  6798 | D:9      | Found a faded altar of an unknown god.
  6847 | D:9      | Found a shimmering blue altar of Sif Muna.
  6898 | D:9      | Found a staircase to the Lair.
  7156 | Lair:1   | Entered Level 1 of the Lair of Beasts
  7156 | Lair:1   | Noticed a seven-headed hydra
  7168 | D:10     | Entered Level 10 of the Dungeon
  7208 | D:10     | Noticed Urug
  7223 | D:10     | Killed Urug
  7301 | D:10     | Reached ** piety under Ashenzari
  7386 | D:10     | Noticed Harold
  7398 | D:10     | Killed Harold
  7524 | D:10     | Identified a scroll of acquirement
  7547 | D:10     | Acquired a +2 kite shield of protection
  7684 | D:11     | Found a runed translucent gate.
  7685 | D:11     | Found a runed translucent gate.
  7686 | D:11     | Found a runed translucent gate.
  7688 | D:11     | Noticed qborf's ghost (journeyman DgCj)
  7718 | D:11     | Reached skill level 1 in Shields
  7722 | D:11     | Reached skill level 14 in Unarmed Combat
  7791 | D:11     | Noticed a white ugly thing
  7800 | D:11     | Killed a white ugly thing
  7805 | D:11     | Reached *** piety under Ashenzari
  8085 | D:11     | Noticed a brown ugly thing
  8097 | D:11     | Killed a brown ugly thing
  8117 | D:11     | Reached XP level 12. HP: 133/133 MP: 16/16
  8283 | D:12     | Noticed an eight-headed hydra
  8291 | D:12     | Killed an eight-headed hydra
  8329 | D:12     | Noticed an eight-headed hydra
  8337 | D:12     | Killed an eight-headed hydra
  8381 | D:12     | Noticed a centaur warrior
  8435 | D:12     | Killed a centaur warrior
  8467 | D:12     | Reached skill level 5 in Shields
  8563 | D:12     | Noticed a seven-headed hydra
  8574 | D:12     | Killed a seven-headed hydra
  8648 | D:12     | Found a staircase to the Orcish Mines.
  8660 | D:12     | Noticed a seven-headed hydra
  8663 | D:12     | Killed a seven-headed hydra
  8942 | D:12     | Noticed a two-headed ogre
  8954 | D:12     | Killed a two-headed ogre
  9050 | D:13     | Reached skill level 10 in Fighting
  9082 | D:13     | Noticed a two-headed ogre
  9091 | D:13     | Killed a two-headed ogre
  9093 | D:13     | Noticed a two-headed ogre
  9097 | D:13     | Noticed a two-headed ogre
  9097 | D:13     | Noticed an ogre mage
  9098 | D:13     | Killed a two-headed ogre
  9102 | D:13     | Killed a two-headed ogre
  9109 | D:13     | Killed an ogre mage
  9130 | D:13     | Reached skill level 15 in Unarmed Combat
  9146 | D:13     | Reached XP level 13. HP: 114/145 MP: 17/17
  9449 | D:13     | Reached **** piety under Ashenzari
  9717 | D:13     | Found a gate to the Vaults.
  9949 | D:14     | Reached ***** piety under Ashenzari
 10441 | D:14     | Found a glowing golden altar of the Shining One.
 10446 | D:14     | Found a white marble altar of Elyvilon.
 10543 | D:14     | Found a glowing silver altar of Zin.
 10761 | D:15     | Entered Level 15 of the Dungeon
 10851 | D:15     | Reached skill level 16 in Unarmed Combat
 10859 | D:15     | Found a burning altar of Makhleb.
 11085 | D:15     | Noticed Josephine
 11096 | D:15     | Killed Josephine
 11175 | D:15     | Reached XP level 14. HP: 143/170 MP: 20/20
 11321 | D:15     | Found a staircase to the Depths.
 12865 | Lair:3   | Reached skill level 1 in Evocations
 12932 | Lair:3   | Identified the +3 chain mail "Dongimm" {-Cast Str+3 Dex+3}
 12933 | Lair:3   | Found a runed translucent door.
 12933 | Lair:3   | Noticed Paluwo's ghost (journeyman TrMo)
 12963 | Lair:3   | Found a staircase to the Swamp.
 13111 | Lair:3   | Reached skill level 17 in Unarmed Combat
 13658 | Lair:4   | Found a hole to the Spider Nest.
 14774 | Lair:6   | Entered Level 6 of the Lair of Beasts
 14908 | Lair:6   | Reached skill level 5 in Throwing
 14915 | Lair:6   | Reached XP level 15. HP: 182/182 MP: 21/21
 14939 | Lair:6   | Found a dark tunnel.
 15052 | Volcano  | Entered a volcano
 15359 | Lair:6   | Found a staircase to the Slime Pits.
 15359 | Lair:6   | Found a viscous altar of Jiyva.
 15367 | Lair:6   | Identified the +8 quarterstaff "Raeracacw" {venom, Drain
                  | Str+2 Int+8}
 15444 | Lair:6   | Reached skill level 5 in Armour
 16036 | Lair:6   | Reached skill level 5 in Dodging
 16333 | Orc:1    | Entered Level 1 of the Orcish Mines
 16431 | Orc:2    | Entered Level 2 of the Orcish Mines
 16431 | Orc:2    | Found Fopn's Jewellery Boutique.
 16449 | Orc:1    | Gained mutation: You are frail. (-10% HP) [a neqoxec]
 16846 | Orc:2    | Found a staircase to the Elven Halls.
 16992 | Orc:2    | Found Den Aniss's Assorted Antiques.
 17038 | Orc:2    | Reached XP level 16. HP: 172/172 MP: 22/22
 17202 | Orc:2    | Found Xoles's Antique Weapon Shop.
 17204 | Orc:2    | Found Xoeguzygg's Antique Armour Boutique.
 17382 | Orc:2    | Found Pediogua's Armour Shoppe.
 17815 | Orc:2    | Bought the ring "Licobeasch" {rF+ rC++ Str+6} for 869 gold
                  | pieces
 17815 | Orc:2    | Bought the brooch of Shielding {Spirit SH+8} for 831 gold
                  | pieces
 17815 | Orc:2    | Found the brooch of Shielding {Spirit SH+8}
 17861 | Elf:1    | Entered Level 1 of the Elven Halls
 18317 | Elf:1    | Reached XP level 17. HP: 176/176 MP: 22/22
 18347 | Elf:1    | Reached skill level 5 in Evocations
 18520 | Elf:1    | Identified the ring of Roikabb {Will+ rCorr}
 19042 | Elf:1    | Found a large runed translucent door.
 19042 | Elf:1    | Found a large runed translucent door.
 19046 | Elf:1    | Noticed Ota Laej's ghost (adept DsWn)
 19250 | Elf:1    | Killed Ota Laej's ghost
 19259 | Elf:1    | Acquired 843 gold pieces
 19453 | Elf:2    | Reached skill level 18 in Unarmed Combat
 19931 | Elf:2    | Found a runed translucent gate.
 19931 | Elf:2    | Found a runed translucent gate.
 19931 | Elf:2    | Found a runed translucent gate.
 20080 | Elf:2    | Found Ykouqomo's Magic Scroll Boutique.
 20103 | Elf:2    | Bought a scroll of enchant armour for 150 gold pieces
 20103 | Elf:2    | Bought a scroll of enchant armour for 150 gold pieces
 20103 | Elf:2    | Bought a scroll of magic mapping for 70 gold pieces
 20392 | Elf:2    | Noticed Agnes
 20403 | Elf:2    | Killed Agnes
 20803 | Elf:2    | Reached XP level 18. HP: 191/191 MP: 24/24
 20866 | Elf:3    | Entered Level 3 of the Elven Halls
 20996 | Elf:3    | Found a portal to a secret trove of treasure.
 21233 | Elf:3    | Identified the +0 glaive of Conformity {holy, Dex+4 SInv}
 21260 | Elf:3    | Found Sodghydi's One-of-a-Kind Books.
 21895 | Elf:3    | Noticed an Ice Fiend
 22309 | Elf:3    | Noticed a Brimstone Fiend
 22454 | Elf:3    | Identified the +7 shortbow "Impslayer" {flame, Fragile
                  | rElec rC++ rCorr}
 22454 | Elf:3    | Found the +6 lightning scales {swift rElec}
 22456 | Elf:3    | Identified Sif Muna's Guide on Congealing Poisoning
 22471 | Elf:3    | Noticed an Ice Fiend
 22471 | Elf:3    | Noticed a Tzitzimitl
 22529 | Elf:3    | Identified the +9 hunting sling of Beyond {flame, rF+ Str-4
                  | Int-3 Dex+5}
 22919 | Spider:1 | Entered Level 1 of the Spider Nest
 23661 | Spider:2 | Reached skill level 10 in Throwing
 24010 | Spider:2 | Reached XP level 19. HP: 200/200 MP: 25/25
 24159 | Spider:2 | Identified the +0 leather armour of Immorality {rPois Will+
                  | Int+3}
 24317 | Spider:3 | Noticed Arachne
 24368 | Spider:3 | Killed Arachne
 24535 | Spider:3 | Reached skill level 19 in Unarmed Combat
 24793 | Spider:3 | Identified the +9 long sword of Huduipto {pain, Int+5
                  | Stlth+}
 25128 | Spider:4 | Entered Level 4 of the Spider Nest
 25392 | Spider:4 | Reached skill level 10 in Armour
 25812 | Spider:4 | Reached skill level 10 in Dodging
 25871 | Spider:4 | Noticed Mesmaeker13's ghost (adept DDHu)
 25878 | Spider:4 | Found a large runed translucent door.
 25878 | Spider:4 | Found a large runed translucent door.
 25879 | Spider:4 | Identified the +4 chain mail of Uryblih {Will- Str+7 Dex+3}
 25931 | Spider:4 | Killed Mesmaeker13's ghost
 26370 | Spider:4 | Reached skill level 15 in Fighting
 26370 | Spider:4 | Reached XP level 20. HP: 197/203 MP: 14/26
 26533 | Spider:4 | Got a gossamer rune of Zot
 26856 | Swamp:1  | Entered Level 1 of the Swamp
 27000 | Lair:3   | Killed Paluwo's ghost
 27411 | Swamp:1  | Found a runed translucent gate.
 27411 | Swamp:1  | Found a runed translucent gate.
 27411 | Swamp:1  | Found a runed translucent gate.
 27411 | Swamp:1  | Noticed Biycvit's ghost (adept HuIE)
 27431 | Swamp:1  | Killed Biycvit's ghost
 27613 | Swamp:2  | Found a burning altar of Makhleb.
 28675 | Swamp:3  | Identified the Handbook of Reanimation Made Easy
 28678 | Swamp:3  | Identified the +2 pair of gloves of Hoseonunk {-Cast rF+++
                  | rC++ Str+4}
 28768 | Swamp:4  | Entered Level 4 of the Swamp
 28794 | Swamp:4  | Noticed Roxanne
 28817 | Swamp:4  | Killed Roxanne
 28924 | Swamp:3  | Upgraded the game from 0.27-a0-1200-g94dc6ad4cf to
                  | 0.27-a0-1202-ge72e49191c
 29004 | Swamp:4  | Found a runed translucent gate.
 29004 | Swamp:4  | Found a runed translucent gate.
 29004 | Swamp:4  | Found a runed translucent gate.
 29007 | Swamp:4  | Noticed Ytaumoul's ghost (adept HuFi)
 29008 | Swamp:4  | Identified the +3 scimitar of Xurghappi {speed, rC+ Will+
                  | rCorr}
 29021 | Swamp:4  | Killed Ytaumoul's ghost
 29706 | Swamp:4  | Found a blossoming altar of Fedhas.
 29821 | Swamp:4  | Got a decaying rune of Zot
 29845 | Swamp:4  | Found a basalt altar of Yredelemnul.
 30117 | Vaults:1 | Entered Level 1 of the Vaults
 30131 | Vaults:1 | Reached XP level 21. HP: 199/220 MP: 23/27
 30193 | Vaults:1 | Reached skill level 20 in Unarmed Combat
 30329 | Vaults:1 | Noticed Aizul
 30345 | Vaults:1 | Killed Aizul
 31612 | Vaults:2 | Found Ymaaxaar's Antique Weapon Shoppe.
 32868 | Vaults:3 | Reached XP level 22. HP: 146/231 MP: 18/28
 33553 | Vaults:3 | Found a basalt altar of Yredelemnul.
 33562 | Vaults:3 | Found a staircase to the Crypt.
 33562 | Vaults:3 | Found an ancient bone altar of Kikubaaqudgha.
 34265 | Vaults:4 | Reached skill level 21 in Unarmed Combat
 34461 | Vaults:4 | Found Ocloamp's Antique Weapon Shop.
 35300 | Vaults:4 | Reached XP level 23. HP: 242/242 MP: 29/29
 35701 | Vaults:5 | Entered Level 5 of the Vaults
 36196 | Crypt:1  | Entered Level 1 of the Crypt
 36647 | Crypt:1  | Identified the Compendium of the Supportive Mountains
 36962 | Crypt:1  | Found a basalt altar of Yredelemnul.
 37311 | Crypt:2  | Reached skill level 10 in Evocations
 38006 | Crypt:3  | Entered Level 3 of the Crypt
 38645 | Crypt:3  | Reached XP level 24. HP: 253/253 MP: 29/29
 38957 | Crypt:3  | Found a staircase to the Tomb.
 39463 | Crypt:3  | Found an ancient bone altar of Kikubaaqudgha.
 39466 | Crypt:3  | Found a basalt altar of Yredelemnul.
 39576 | Crypt:3  | Identified the amulet of the Skies Above {rElec Will+
                  | Regen+ Str-4 Slay+3 SInv}
 39576 | Crypt:3  | Identified the ring of the Harvest {rN+ Int+2}
 39890 | Depths:1 | Entered Level 1 of the Depths
 40053 | Depths:1 | Found a gateway to Hell.
 40222 | Depths:1 | Identified the +1 robe "Heluf" {rF- rC+++ Regen+ Str-4}
 40583 | Depths:1 | Found Uhievin's Antique Weapon Shoppe.
 41212 | Depths:2 | Gained mutation: Your magical capacity is low. (-10% MP) [a
                  | neqoxec]
 41304 | Depths:2 | Reached skill level 15 in Dodging
 41363 | Depths:2 | Found a one-way gate to the infinite horrors of the Abyss.
 41942 | Depths:3 | Found a one-way gate leading to the halls of Pandemonium.
 42427 | Depths:3 | Found a gateway to a ziggurat.
 42794 | Depths:3 | Reached XP level 25. HP: 262/262 MP: 26/26
 43263 | Depths:4 | Noticed Jory
 43365 | Depths:3 | Killed Jory
 43496 | Depths:4 | HP: 3/263 [frost giant/+0 battleaxe of freezing (30)]
 43852 | Depths:4 | Reached skill level 10 in Shields
 44068 | Depths:4 | Identified Larah's Almanac of Burning Hexes
 44530 | Depths:5 | Entered Level 5 of the Depths
 44580 | Depths:5 | Noticed Xtahua
 44595 | Depths:5 | Killed Xtahua
 45043 | Depths:5 | Found a gate to the Realm of Zot.
 45170 | Depths:5 | Found a broken altar of Ashenzari.
 45220 | Depths:5 | Noticed the Enchantress
 45244 | Depths:5 | Killed the Enchantress
 45485 | Depths:5 | Reached XP level 26. HP: 267/274 MP: 24/26
 46192 | Slime:1  | Entered Level 1 of the Pits of Slime
 46203 | Slime:1  | Gained mutation: You are very frail. (-20% HP) [a shining
                  | eye]
 46375 | Lair:6   | Lost mutation: You are very frail. (-20% HP) [potion of
                  | mutation]
 46375 | Lair:6   | Lost mutation: Your magical capacity is low. (-10% MP)
                  | [potion of mutation]
 46375 | Lair:6   | Gained mutation: You have an increased reservoir of magic.
                  | (+10% MP) [potion of mutation]
 46375 | Lair:6   | Gained mutation: You are very frail. (-20% HP) [potion of
                  | mutation]
 46375 | Lair:6   | Gained mutation: Your movements are slightly less
                  | encumbered by armour. (ER -2) [potion of mutation]
 46590 | Slime:5  | Entered Level 5 of the Pits of Slime
 46624 | Slime:5  | Noticed the Royal Jelly
 46638 | Slime:5  | Found a viscous altar of Jiyva.
 46653 | Slime:5  | Killed the Royal Jelly
 46653 | Slime:5  | HP: 5/244 [rockslime[the Royal Jelly] (36)]
 46655 | Slime:5  | Killed from afar by an acid blob

Illustrated notes

Levels and vault maps discovered:
D:1:      lightli_arrival_statue_moat, layout_basic
D:2:      layout_basic, kennysheep_decorative_pillar, st_stairs_13, minivault_23
D:3:      layout_basic, chequers_ecumenical_altar_simple_redux,
          chequers_arboretum, chequers_big_river, uniq_jessica
D:4:      layout_cave_pools, nicolae_ossuary_entry_giza
D:5:      layout_basic, nicolae_gozag_seed_capital, uniq_menkaure
D:6:      layout_loops_ring, kiku_gazebo_garden_becter,
          grunt_temple_overflow_diamond, st_stairs_8,
          chequers_serial_rivers_large_b, uniq_eustachio, uniq_edmund,
          uniq_crazy_yiuf_cottage
D:7:      layout_cave_pools, minmay_temple_entry_grid, gammafunk_ghost_arena,
          minmay_shattered_shrine, uniq_maggie
D:8:      minmay_the_grid_octo_triangle [minmay_the_grid_octo_thin_diamonds,
          minmay_the_grid_octo_prize_ultimate_mussel_roller,
          minmay_the_grid_octo_fan_narrow], layout_basic, kennysheep_mini,
          lemuel_crystal_altar
D:9:      layout_basic, nemelex_spade_bored_becter, overflow_temple_1_default,
          chequers_temple_overflow_minitemple, david_lair_generic, uniq_joseph
D:10:     layout_cross, uniq_urug, uniq_harold
D:11:     layout_small_grid, gammafunk_ghost_necromancy, minmay_bent
D:12:     layout_rooms, erik_orc_4, grunt_ministairs_6, worms_lemuel
D:13:     layout_irregular_city, hangedman_vaults_entry_quadrant_bands,
          minivault_24
D:14:     layout_grid_maze, good_gods_mini_temple, library_closet
D:15:     hangedman_depths_entry_try_elsewhere_first, layout_layer_cave,
          bloody_makhleb, uniq_josephine
Lair:1:   layout_big_grid, chequers_serial_rivers_small_3, grunt_megastairs_3
Lair:2:   layout_misc_corridors, roderic_carrion_pond
Lair:3:   layout_small_grid, minmay_swamp_entry_reptiles,
          ebering_ghost_inner_flame, st_stairs_13, serial_bayou_crossing,
          lemuel_fruit_tree, serial_bayou_shore_b
Lair:4:   layout_gridlike, spider_nest_entry_a, st_stairs_13,
          grunt_forest_small_clearings, kennysheep_rathole
Lair:5:   layout_gridlike
Lair:6:   hangedman_lair_in_review, layout_long_grid, guppyfry_lair_end_dragon,
          slime_altar_1, nicolae_volcano_entry_batcave, st_stairs_13,
          minivault_27
Swamp:1:  layout_falls_marsh, gammafunk_ghost_necromancy,
          evilmike_swamp_ruin_house_3
Swamp:2:  layout_falls_marsh, evilmike_swamp_ruin_house_1, swamp_pool2,
          lemuel_altar_in_water, st_swamp_mini
Swamp:3:  layout_basic_swamp, hangedman_swamp_blocks, swamp_pool1,
          nicolae_swamp_necromancy_gone_wrong
Swamp:4:  byrel_swamp_growth_death_and_undeath, layout_basic_swamp,
          gammafunk_ghost_hydra_chop, swamp_pool3, uniq_roxanne
Spider:1: layout_spider_delve, nicolae_spider_undead_wolf_pack
Spider:2: layout_spider_delve, beargit_elvish_explorers,
          nicolae_spider_cling_halls
Spider:3: layout_spider_delve, nicolae_arachne_temple,
          hangedman_spider_tarantella_strand
Spider:4: floodkiller_spider_rune_tomb, ebering_ghost_disaster_area
Slime:1:  layout_caves
Slime:2:  layout_caves
Slime:3:  layout_caves
Slime:4:  layout_caves
Slime:5
Orc:1:    layout_caves
Orc:2:    grunt_orc_community_town_hall, layout_caves,
          grunt_orc_community_big_house_1, grunt_orc_community_big_house_1,
          grunt_orc_community_house_3, grunt_orc_community_house_1,
          grunt_orc_community_house_3, grunt_orc_community_house_2,
          grunt_orc_community_house_1, serial_shops, nicolae_shop_crystal,
          nooodl_orcs_dogs
Elf:1:    minmay_elf_arrival_circle, layout_gridlike,
          ebering_ghost_disaster_area, hangedman_elven_crosses_minicolossus,
          kennysheep_underground_church
Elf:2:    layout_gridlike, serial_shops, nicolae_shop_window_shopping,
          uniq_agnes
Elf:3:    minmay_elf_hall_circle, layout_gridlike,
          nicolae_trove_entry_crossroad, nicolae_rare_books
Vaults:1: v_misc_29, hangedman_vaults_trim, dpeg_vaults_monster_box,
          ontoclasm_vaults_shuriken, hangedman_vaults_maws,
          hangedman_vaults_nails, vaults_standard_mumra_lines,
          nicolae_vaults_meeting, ontoclasm_vaults_idyll,
          layout_vaults_maze_bifur, uniq_aizul
Vaults:2: vaults_room_grid, v_pattern_3, v_misc_24, vaults_room_pool,
          nicolae_vaults_little_squares_1, vaults_room_fours,
          hangedman_vaults_maws, v_misc_14, layout_vaults_chaotic_city,
          serial_shops, shop
Vaults:3: minmay_crypt_entry_necro_gods, hangedman_vaults_restitches,
          hangedman_vaults_trim, hangedman_vaults_maws, grunt_vaults_trifunnel,
          nicolae_vaults_little_squares_4, vaults_mumra_chevron,
          nicolae_vaults_know_your_exits, vaults_dpeg_encased_lava,
          hangedman_vaults_hat, vaults_mumra_hex, layout_vaults_ring
Vaults:4: v_pattern_1, hangedman_vaults_stream, hangedman_vaults_nails,
          st_spiral_rooms, ontoclasm_vaults_ligature, nicolae_vaults_big_ls,
          vaults_mumra_lcd, hangedman_vaults_restitches,
          ontoclasm_vaults_decontamination, vaults_mumra_minichess_inversion,
          grunt_vaults_focal, layout_vaults_omnicross, serial_shops, shop
Vaults:5: serial_shops, uniq_mennas
Crypt:1:  layout_chaotic_city, nicolae_crypt_little_mausoleum,
          grunt_crypt_arrival_split, grunt_megastairs_1
Crypt:2:  layout_chaotic_city, st_stairs_13
Crypt:3:  lightli_unholy_cathedral, layout_chaotic_city,
          tomb_entry_pyramid_bobbens, serial_co_window_serial,
          co_window_paths_b, co_window_corner_a, co_window_paths_a,
          co_window_paths_a, co_window_paths_a, co_window_of_opportunity_a,
          co_window_corner_a, co_window_of_opportunity_b, co_window_cross_2,
          glass_columns_a, glass_columns_c, glass_columns_a
Depths:1: layout_gridlike, hangedman_abyss_or_decor_lesser_grid, serial_shops,
          shop, grunt_mini_vestibule, chequers_serial_rivers_micro_d,
          minmay_fire_ice_demons, serial_bayou_shore_a
Depths:2: onia_ninara_swampy_vault, layout_cave_shapes, hell_entry, abyss_entry,
          nicolae_two_hexagons, columned_hall_lemuel
Depths:3: hangedman_elemental_death_ray, layout_honeycomb, enter_ziggurat_e,
          minmay_curled_crystal, hellmouth_3, pan_entry,
          kennysheep_generic_room_7, infiniplex_staircase_zigzag_3
Depths:4: nzn_winding_woodlands_large [nzn_winding_woodlands_5x5_cross,
          nzn_winding_woodlands_5x15_twine,
          nzn_winding_woodlands_5x5_closed_star,
          nzn_winding_woodlands_center_triple_pond,
          nzn_winding_woodlands_15x15_boxy_spiral,
          nzn_winding_woodlands_center_lodge, nzn_winding_woodlands_5x5_default,
          nzn_winding_woodlands_5x15_river_crossing,
          nzn_winding_woodlands_5x5_checkerboard], layout_cave_shapes,
          serial_sigils_hangedman_confine, rand_demon_pan_entry_8, hell_entry,
          abyss_entry, uniq_jory
Depths:5: grunt_zot_entry_tricorne, layout_basic, nicolae_ashenzari_panopticon,
          pan_entry, grunt_hell_entry_dis_mu, small_chamber_with_monster,
          uniq_enchantress, uniq_xtahua

Skill      XL: |  1  2  3  4  5  6  7  8  9 10 11 12 13 14 15 16 17 18 19 20 21 22 23 24 25 26 |
---------------+-------------------------------------------------------------------------------+-----
Fighting       | 2 3 4 5 6 7 8 9 10 12 13 14 15 16 17 18 19 | 19.1
Unarmed Combat | 4 5 6 7 9 11 13 14 15 16 17 18 19 20 21 | 21.6
Spellcasting   | 1 |  1.1
Armour         | 2 4 6 8 9 10 11 12 13 14 | 14.6
Throwing       | 2 4 5 6 7 8 10 11 12 13 | 13.8
Shields        | 3 7 9 10 11 | 11.0
Dodging        | 4 6 8 9 10 11 12 13 14 15 16 | 16.1
Evocations     | 3 4 6 7 8 9 10 11 12 13 | 13.0
Stealth        | |  0.7

Action                   |  1- 3 |  4- 6 |  7- 9 | 10-12 | 13-15 | 16-18 | 19-21 | 22-24 | 25-27 || total
-------------------------+-------+-------+-------+-------+-------+-------+-------+-------+-------++-------
Melee: Unarmed           |    75 |   193 |   207 |   479 |   984 |   977 |  1629 |  1592 |   677 ||  6813
       Punch             |     1 |     4 |    12 |    24 |       |       |       |       |       ||    41
Throw: Throwing net      |       |       |     2 |       |       |       |       |       |       ||     2
       Dart              |       |       |       |     8 |       |       |       |       |       ||     8
       Javelin           |       |       |       |    19 |     7 |       |       |       |       ||    26
Invok: Curse Item        |       |     1 |     1 |     2 |     3 |     2 |       |       |       ||     9
       Shatter the Chain |       |       |       |       |       |     2 |       |       |     1 ||     3
Evoke: Wand              |       |       |     7 |    11 |       |       |     3 |     4 |       ||    25
       Piece from Xom's  |       |       |       |       |     1 |     1 |       |       |       ||     2
       Lightning rod     |       |       |       |       |     1 |       |     4 |       |       ||     5
       Condenser vane    |       |       |       |       |       |     2 |     5 |     1 |     1 ||     9
       Tin of tremorston |       |       |       |       |       |     2 |     5 |       |     1 ||     8
  Use: Scroll            |       |     8 |     1 |     2 |     1 |     2 |     6 |       |    13 ||    33
       Potion            |       |     3 |       |     3 |     2 |     3 |     4 |       |     5 ||    20
 Stab: Sleeping          |     2 |     1 |       |       |     2 |     1 |     1 |     2 |       ||     9
       Invisible         |       |       |       |     1 |       |       |       |       |       ||     1
       Petrified         |       |       |       |       |     2 |       |       |       |       ||     2
       Held in net/web   |       |       |       |       |       |       |     2 |       |       ||     2
Armor: Robe              |    30 |    53 |    15 |       |       |       |       |       |       ||    98
       Acid dragon scale |       |       |    27 |       |       |       |       |       |       ||    27
       Troll leather arm |       |       |    12 |   147 |   189 |   151 |   336 |   174 |    37 ||  1046
       Storm dragon scal |       |       |       |       |       |       |       |       |   131 ||   131
Dodge: Dodged            |    38 |   129 |   117 |   242 |   301 |   220 |   444 |   303 |   170 ||  1964
Block: Kite shield       |       |       |       |   179 |   559 |   807 |  1398 |  1113 |   563 ||  4619

Table legend: (Time is in decaauts)
 A = Elapsed time spent in this place.
 B = Non-inter-level travel time spent in this place.
 C = Inter-level travel time spent in this place.
 D = Time resting spent in this place.
 E = Time spent auto-exploring this place.
 F = Levels seen in this place.
 G = Mean time per level.
                   A        B        C        D        E       F      G
               +--------+--------+--------+--------+--------+-----+--------+
         Total |  44423 |  41186 |   3237 |     37 |  29523 |  54 |  822.6 |
       Dungeon |  11873 |  10911 |    962 |      0 |   8563 |  15 |  791.5 |
          Lair |   4840 |   4296 |    544 |      0 |   3325 |   6 |  806.7 |
         Swamp |   2952 |   2782 |    170 |      0 |   1758 |   4 |  738.0 |
   Spider Nest |   3454 |   3270 |    184 |      0 |   2203 |   4 |  863.5 |
    Slime Pits |    311 |    311 |      0 |      3 |     94 |   5 |   62.2 |
  Orcish Mines |   1759 |   1447 |    312 |      0 |    987 |   2 |  879.5 |
   Elven Halls |   4428 |   4130 |    298 |     34 |   2682 |   3 | 1476.0 |
        Vaults |   5420 |   4969 |    451 |      0 |   3553 |   5 | 1084.0 |
         Crypt |   3281 |   3128 |    153 |      0 |   2222 |   3 | 1093.7 |
        Depths |   5673 |   5514 |    159 |      0 |   3939 |   5 | 1134.6 |
       Ossuary |    233 |    233 |      0 |      0 |    111 |   1 |  233.0 |
       Volcano |    194 |    194 |      0 |      0 |     83 |   1 |  194.0 |
               +--------+--------+--------+--------+--------+-----+--------+

Top non-repeatable levels by time:
   Elf:2: 1784 daAuts
Depths:3: 1515 daAuts
 Crypt:3: 1453 daAuts
   Orc:2: 1435 daAuts
Vaults:4: 1416 daAuts
   Elf:1: 1391 daAuts
Vaults:3: 1386 daAuts
Vaults:1: 1362 daAuts
  Lair:6: 1281 daAuts
Depths:5: 1281 daAuts
   Elf:3: 1252 daAuts
Vaults:2: 1251 daAuts
Spider:3: 1217 daAuts
     D:8: 1076 daAuts
 Crypt:1: 1057 daAuts
